 Dungeon Crawl Stone Soup version 0.25.1-8-g42b30a86e7 (webtiles) character file.

Game seed: 10843729280490401370

1834 Gabide the Poker (level 9, -2/68 HPs)
             Began as a Human Abyssal Knight on Dec 4, 2020.
             Was a Priest of Lugonu.
             Killed by nerve-wracking pain
             ... invoked by Menkaure
              (14 damage)
             ... on level 7 of the Dungeon.
             The game lasted 00:14:11 (7100 turns).

Gabide the Poker (Human Abyssal Knight)             Turns: 7100, Time: 00:14:12

Health: -2/68      AC:  5    Str: 14    XL:     9   Next: 33%
Magic:  13/13      EV: 14    Int: 13    God:    Lugonu [***...]
Gold:   338        SH:  0    Dex: 14    Spells: 8/8 levels left

rFire    . . .     SeeInvis .   y - +1 battleaxe (elec)
rCold    . . .     Gourm    .   (shield currently unavailable)
rNeg     . . .     Faith    .   s - +1 leather armour {rPois}
rPois    +         Spirit   .   h - +0 helmet
rElec    .         Reflect  .   k - scarf {+Inv}
rCorr    .         Harm     .   (no gloves)
MR       .....                  (no boots)
Stlth    +.........             r - amulet of magic regeneration
HPRegen  0.21/turn              i - ring of flight
MPRegen  0.38/turn              (no ring)

@: about to teleport
A: no striking features
a: Depart the Abyss, Bend Space, Banish, Renounce Religion, Evoke Invisibility,
Evoke Flight


You were on level 7 of the Dungeon.
You worshipped Lugonu.
Lugonu was most pleased with you.
You were not hungry.

You visited 1 branch of the dungeon, and saw 7 of its levels.
You visited the Abyss 1 time.

You collected 338 gold pieces.

Inventory:

Hand Weapons
 n - a +2 spear of venom
 y - a +1 battleaxe of electrocution (weapon)
Missiles
 d - 7 boomerangs
 g - 8 curare-tipped darts (quivered)
Armour
 h - a +0 helmet (worn)
 k - a scarf of invisibility (worn)
 s - a +1 leather armour of poison resistance (worn)
 t - the +0 animal skin of Grottiness {rElec SInv}
   (You found it on level 5 of the Dungeon)

   It insulates you from electricity.
   It lets you see invisible.
 z - the +1 leather armour "Boedumn" {*Corrode +Inv Int+2 Dex+6}
   (You found it on level 6 of the Dungeon)

   It affects your intelligence (+2).
   It affects your dexterity (+6).
   It lets you turn invisible.
   It may corrode you when you take damage.
Jewellery
 i - a ring of flight (left hand)
 r - an amulet of magic regeneration (around neck)
Wands
 j - a wand of polymorph (10)
 p - a wand of iceblast (7)
Scrolls
 b - a scroll of teleportation
 o - 3 scrolls of remove curse
 q - a scroll of magic mapping
 u - 2 scrolls of amnesia
Potions
 a - a potion of mutation
 f - 2 potions of curing
 l - 4 potions of flight
 m - a potion of brilliance {unknown}
 v - a potion of magic {unknown}
 w - 3 potions of haste {unknown}
 x - a potion of heal wounds {unknown}
Comestibles
 c - 6 rations


   Skills:
 + Level 5.3 Fighting
 * Level 2.3(4.8) Axes
 - Level 6.6(6.8) Polearms
 + Level 1.8 Throwing
 - Level 4.0 Armour
 * Level 4.7 Dodging
 * Level 5.7 Invocations


You had 8 spell levels left.
You didn't know any spells.
Your spell library was empty.

Dungeon Overview and Level Annotations

Branches:
Dungeon (7/15)             Temple (0/1) D:7

Altars:
Elyvilon
Fedhas
Trog
The Shining One

Annotations:
D:4 1 runed translucent door, kthxbai's ghost, amateur GrEE
D:7 Menkaure; Prince Ribbit


Message History

Okay, then.
You closely miss the phantom.
The phantom is lightly damaged.
The phantom hits you!
* * * LOW HITPOINT WARNING * * *
Menkaure casts a spell at you. Pain shoots through your body!
* * * LOW HITPOINT WARNING * * *
The gnoll shouts!
Press: ? - help, Shift-Dir - straight line
Okay, then.
Space bends around you!
You blink.
The phantom blinks!
You feel better. Menkaure closely misses you.
As you read the scroll of teleportation, it crumbles to dust.
You feel strangely unstable.
The crimson imp shouts!
The gnoll misses you. Menkaure casts a spell at you.
Pain shoots through your body!
You die...

....Z÷.# .....55########
#+##.gMWgc(...##########
#.ol.#####..).(.....#
#..g.# #..#######.#
#....# #.5###.)<#.#
####.#
#...W.)#.#.####### #.#
##.#M....#.......# #.#
#.#@.g#.#####.### #.#
#)#...........#
#.#.########### .#..
.###


You could see a phantom, Menkaure, a gnoll and a crimson imp.

Vanquished Creatures
  A hungry ghost (D:7)
  Edmund (D:6)
  A water moccasin (D:6)
  2 ogres
  A black bear (D:6)
  2 centaurs (D:7)
  A big kobold (D:4)
  2 bullfrogs
  A howler monkey (D:5)
  3 crimson imps (D:6)
  A bullfrog zombie (D:5)
  2 orc priests (D:4)
  2 hounds
  A jelly (D:5)
  4 orc wizards
  An iguana (D:5)
  4 worker ants
  A hound skeleton (D:4)
  A worker ant zombie (D:5)
  8 gnolls
  12 adders
  A worm (D:4)
  4 dart slugs
  A leopard gecko (D:7)
  13 orcs
  2 ball pythons
  7 bats
  8 giant cockroaches
  4 goblins
  3 hobgoblins
  9 jackals
  2 quokkas
  4 frilled lizards
  5 kobolds
  A leopard gecko zombie (D:5)
  4 rats
120 creatures vanquished.

Notes
Turn   | Place    | Note
-------+----------+-------------------------------------------
     0 | Abyss:1  | Gabide the Human Abyssal Knight began the quest for the
                  | Orb.
     0 | Abyss:1  | Reached XP level 1. HP: 18/18 MP: 2/2
    52 | Abyss:1  | Noticed a shadow
    53 | D:1      | Escaped the Abyss
   203 | D:1      | Reached XP level 2. HP: 21/24 MP: 3/3
   204 | D:1      | Reached * piety under Lugonu
   630 | D:1      | Reached XP level 3. HP: 28/29 MP: 4/4
  1440 | D:2      | Reached XP level 4. HP: 33/35 MP: 5/5
  1481 | D:2      | Found a glowing golden altar of the Shining One.
  1830 | D:3      | Reached skill level 3 in Polearms
  1844 | D:3      | Reached XP level 5. HP: 6/42 MP: 7/7
  2692 | D:4      | Found a blossoming altar of Fedhas.
  2706 | D:4      | Reached ** piety under Lugonu
  2765 | D:4      | Reached XP level 6. HP: 35/48 MP: 8/8
  2960 | D:4      | Reached skill level 4 in Polearms
  3010 | D:4      | Found a runed translucent door.
  3011 | D:4      | Noticed kthxbai's ghost (amateur GrEE)
  3019 | D:4      | Reached XP level 7. HP: 30/54 MP: 9/9
  3937 | D:5      | Entered Level 5 of the Dungeon
  4066 | D:5      | Reached skill level 1 in Throwing
  4341 | D:5      | Found a bloodstained altar of Trog.
  4389 | D:5      | Got an ichor-stained animal skin
  4400 | D:5      | Identified the +0 animal skin of Grottiness {rElec SInv}
                  | (You found it on level 5 of the Dungeon)
  4424 | D:5      | Reached skill level 5 in Polearms
  4424 | D:5      | Reached XP level 8. HP: 59/61 MP: 11/11
  5085 | D:6      | Reached *** piety under Lugonu
  5119 | D:6      | Reached skill level 6 in Polearms
  5182 | D:6      | Reached skill level 5 in Invocations
  5195 | D:6      | Noticed Edmund
  5224 | D:6      | Killed Edmund
  5514 | D:6      | Found a white marble altar of Elyvilon.
  5557 | D:6      | Reached XP level 9. HP: 38/67 MP: 12/12
  6024 | D:6      | Got a buzzing leather armour
  6035 | D:6      | Identified the +1 leather armour "Boedumn" {*Corrode +Inv
                  | Int+2 Dex+6} (You found it on level 6 of the Dungeon)
  6549 | D:7      | Reached skill level 5 in Fighting
  6705 | D:7      | Found a staircase to the Ecumenical Temple.
  6729 | D:7      | Reached skill level 1 in Axes
  6729 | D:7      | Noticed Menkaure
  6744 | D:7      | Noticed Prince Ribbit
  7100 | D:7      | Killed from afar by Menkaure

Illustrated notes

Levels and vault maps discovered:
D:1:      wander_arrival_chamber, layout_loops_ring
D:2:      layout_basic, nicolae_tso_carved_into_rock
D:3:      layout_basic
D:4:      layout_loops_cross, ebering_ghost_reflecting_pool, fedhas_altar_1
D:5:      layout_basic, bloody_trog, first_ration, st_stairs_3
D:6:      layout_basic, old_standard_altar, serial_rivers,
          chequers_serial_rivers_micro_a, chequers_serial_rivers_large_b,
          chequers_serial_rivers_room_b, chequers_serial_rivers_micro_e,
          chequers_serial_rivers_room_a, chequers_serial_rivers_small_b,
          uniq_edmund
D:7:      layout_basic, minmay_temple_entry_waves, uniq_menkaure,
          uniq_prince_ribbit1

Skill      XL: |  1  2  3  4  5  6  7  8  9 |
---------------+----------------------------+-----
Polearms       | 3 4 5 6 |  6.6
Invocations    | 3 4 5 |  5.7
Dodging        | 2 3 4 |  4.7
Armour         | 3 4 |  4.0
Fighting       | 4 5 |  5.3
Throwing       | 1 |  1.8
Axes           | 2 |  2.3

Action                   |  1- 3 |  4- 6 |  7- 9 || total
-------------------------+-------+-------+-------++-------
Melee: Spear             |    90 |   163 |   216 ||   469
       Battleaxe         |       |       |    56 ||    56
Throw: Boomerang         |     8 |     2 |     8 ||    18
       Dart              |       |       |     1 ||     1
       Throwing net      |       |       |     3 ||     3
Invok: Depart the Abyss  |     1 |       |       ||     1
       Bend Space        |       |       |     1 ||     1
  Use: Scroll            |     7 |     5 |     7 ||    19
       Potion            |       |       |     3 ||     3
 Stab: Sleeping          |     1 |       |     1 ||     2
  Eat: Chunk             |     2 |     1 |    11 ||    14
       Ration            |       |     1 |     4 ||     5
Armor: Leather armour    |    29 |    15 |    44 ||    88
       Ring mail         |       |    26 |       ||    26
       Animal skin       |       |       |    14 ||    14
Dodge: Dodged            |    37 |    65 |   169 ||   271
